 Dungeon Sprint DCSS version 0.30-a0-1160-g6e42c06551 (webtiles) character file.

Game seed: 18029009365558049596

12194 fozzywoppz the Imperceptible (level 11, -4/46 HPs)
             Began as a Spriggan Enchanter on Apr 27, 2023.
             Was a Priest of Hepliaklqana.
             Killed by divine providence
             ... invoked by a meliai
              (11 damage)
             ... in the Dungeon (Sprint I: "Red Sonja").
             The game lasted 00:14:03 (1550 turns).

fozzywoppz the Imperceptible (Spriggan Enchanter)   Turns: 1550, Time: 00:14:04

Health: -4/46      AC:  2    Str:  4    XL:     11   Next: 59%
Magic:  0/15       EV: 29    Int: 17    God:    Hepliaklqana [***...]
Gold:   831        SH:  0    Dex: 16    Spells: 12/20 levels left

rFire   + . .        l - +1 dagger (drain)
rCold   x . .        (no shield)
rNeg    . . .        b - +0 robe
rPois   .            (helmet restricted)
rElec   x            (no cloak)
rCorr   .            (gloves unavailable)
SInv    +            (boots unavailable)
Will    +....        (no amulet)
Stlth   ++++++++     n - ring of protection from fire
HPRegen 0.27/turn    (no ring)
MPRegen 0.14/turn

%: no teleportation, random rage (3%)
@: confusing by touch, very quick
A: reduced essence, very small, no large weapons, unfitting armour, see
invisible, speed 3, berserk 1, clumsy 1, frail 2, low MP 2, weak 1, cold
vulnerability 1, subdued magic 2, [electricity vulnerability]
a: Renounce Religion, Ancestor Life: Knight, Ancestor Life: Battlemage, Ancestor
Life: Hexer, Recall Ancestor, Ancestor Identity, Transference


You were in the Dungeon.
You worshipped Hepliaklqana.
Hepliaklqana was most pleased with you.
You visited 1 branch You collected 1245 gold pieces.
You spent 414 gold pieces at shops.

Inventory:

Hand Weapons
 a - a +1 dagger
 l - a +1 dagger of draining (weapon)
Missiles
 m - 2 curare-tipped darts (quivered)
Armour
 b - a +0 robe (worn)
Jewellery
 n - a ring of protection from fire (left hand)
Wands
 c - a wand of paralysis (7)
 j - a wand of digging (8)
 k - a wand of flame (31)
Scrolls
 i - a scroll of torment
Potions
 d - 4 potions of curing
 f - a potion of haste
 g - 2 potions of magic
 p - a potion of flight


   Skills:
 + Level 12.2 Fighting
 - Level 10.0 Short Blades
 + Level 9.4 Throwing
 + Level 16.9 Dodging
 + Level 21.5 Stealth
 - Level 5.0 Spellcasting
 - Level 5.0 Hexes
 - Level 8.4 Invocations
 + Level 9.0 Evocations


You had 12 spell levels left.
You knew the following spells:

 Your Spells              Type           Power      Damage    Failure   Level
a - Ensorcelled Hibernat  Hex/Ice        14%        N/A       4%          2
b - Confusing Touch       Hex            13%        N/A       3%          3
c - Tukima's Dance        Hex            13%        N/A       3%          3

Your spell library contained the following spells:

 Spells                   Type           Power      Damage    Failure   Level
 Magic Dart               Conj           8%         1d3       10%         1
 Dazzling Flash           Conj/Hex       14%        N/A       11%         3
 Call Imp                 Summ           4%         N/A       16%         2
 Mephitic Cloud           Conj/Pois/Air  2%         N/A       30%         3


Dungeon Overview and Level Annotations

Branches:
Dungeon (1/1)

Altars:
Cheibriados
Dithmenos
Elyvilon
Fedhas
Gozag
Hepliaklqana
Kikubaaqudgha
Makhleb
Nemelex Xobeh
Okawaru
Qazlal
Ru
Sif Muna
Trog
Uskayaw
Vehumet
Wu Jian
Xom
Yredelemnul
Zin
The Shining One
Jiyva
Lugonu

Shops:
D *****([


Innate Abilities, Weirdness & Mutations

Your life essence is reduced to manifest your ancestor. (-10% HP)
You are very small and have problems with some larger weapons.
You are too small for most types of armour.
You have supernaturally acute eyesight. (SInv)
You cover ground extremely quickly. (Speed+++)
You sometimes lose your temper in combat.
You are clumsy. (Dex -2)
You are very frail. (-20% HP)
Your magical capacity is very low. (-20% MP)
You are weak. (Str -2)
You are vulnerable to cold. (rC-)
Your spells are easier to cast, but less powerful.
[You are vulnerable to electric shocks.]


Message History

All monsters which could be auto-targeted are covered by a wall or statue which interrupts your line of fire, even though it doesn't interrupt your line of sight.
Aiming: Tukima's Dance (dangerous; 3% risk of failure)
Press: ? - help, Shift-Dir - straight line, f - you
Okay, then.
Casting: Tukima's Dance (dangerous; 3% risk of failure)
Confirm with . or Enter, or press ? or * to list all spells.
You can't see any susceptible monsters within range! (Use Z to cast anyway.)
Casting: Tukima's Dance (dangerous; 3% risk of failure)
Confirm with . or Enter, or press ? or * to list all spells.
Your hands begin to glow red.
The meliai buzzes angrily.
The lorocyproca hits you!!
Ouch! That really hurt!
* * * LOW HITPOINT WARNING * * *
You feel your power leaking away.
You feel much better. The lorocyproca hits you!
You feel your power leaking away.
Unknown command.
You hit the lorocyproca but do no damage.
You punch the lorocyproca, but do no damage.
The lorocyproca completely misses you.
You hit the lorocyproca but do no damage.
You hit the lorocyproca but do no damage.
The lorocyproca completely misses you.
You barely miss the lorocyproca.
You hit the lorocyproca but do no damage.
The meliai invokes the aid of its god against you.
Something smites you! The lorocyproca closely misses you.
You hit the lorocyproca but do no damage.
Unknown command.
You hit the lorocyproca but do no damage.
The lorocyproca hits you!
* * * LOW HITPOINT WARNING * * *
Unknown command.
You hit the lorocyproca but do no damage.
You barely miss the lorocyproca. The lorocyproca completely misses you.
You barely miss the lorocyproca.
The meliai mumbles some strange prayers to its god against you.
Something smites you!
You die...

############################
__#..'..)#..#§§§§§.§R§.R§†.#
..'..#...##'#§####§....##..+
__####)..'..#§# ##§§§######
###§.#####..'.#+#$###+#
§§§.§#..##)####..$#y#§#
§§~.§'..#..R○○#..$###§.
~§~..#..#..°○°°°@2$$##§#
#'#####'###.°.#○....# .##
....###.R§#.○°###++## ##..
#'###.###§#°.## +##
....'[∩##§#..#
#########.##'# #§##.# +§####
#†#


You could see the friendly Msizi the ancestor, a lorocyproca (invisible, ally
target) and a meliai.

Vanquished Creatures
  A hydra (D)
  2 centaur warriors (D)
  Sonja (D)
  A deep troll (D)
  A lindwurm (D)
  8 shining eyes (D)
  An oklob plant (D)
  A gargoyle (D)
  4 demonic crawlers (D)
  2 kobold demonologists (D)
  A hornet (D)
  Sigmund (D)
  A yak (D)
  A slime creature (D)
  13 hogs (D)
  2 redbacks (D)
  6 floating eyes (D)
  An ogre (D)
  A jelly (D)
  Ijyb (D)
  A ballistomycete spore (D)
51 creatures vanquished.

Vanquished Creatures (others)
  An ancestor (D)
  A ballistomycete spore (D)
2 creatures vanquished.

Grand Total: 53 creatures vanquished

Notes
Turn   | Place    | Note
-------+----------+-------------------------------------------
     0 | D        | fozzywoppz the Spriggan Enchanter began the quest for the
                  | Orb.
     0 | D        | Reached XP level 1. HP: 9/9 MP: 5/5
     1 | D        | Noticed Ijyb
    17 | D        | Killed Ijyb
    18 | D        | Reached skill level 6 in Stealth
    18 | D        | Reached XP level 2. HP: 12/13 MP: 6/8
    40 | D        | Learned a level 2 spell: Ensorcelled Hibernation
    40 | D        | Noticed an ogre
    43 | D        | Killed an ogre
    44 | D        | Reached skill level 5 in Short Blades
    44 | D        | Reached skill level 8 in Stealth
    44 | D        | Reached skill level 5 in Spellcasting
    44 | D        | Reached skill level 5 in Hexes
    44 | D        | Reached XP level 3. HP: 16/16 MP: 8/10
    44 | D        | Reached XP level 4. HP: 21/21 MP: 9/12
    49 | D        | Learned a level 3 spell: Confusing Touch
    53 | D        | Learned a level 3 spell: Tukima's Dance
    53 | D        | Noticed Sigmund
    56 | D        | Killed Sigmund
    57 | D        | Reached skill level 10 in Stealth
    57 | D        | Reached XP level 5. HP: 28/28 MP: 10/13
   106 | D        | Found an ornate altar of the Wu Jian Council.
   106 | D        | Found a shimmering blue altar of Sif Muna.
   108 | D        | Found a radiant altar of Vehumet.
   113 | D        | Reached XP level 6. HP: 32/32 MP: 14/14
   137 | D        | Found Xoat's Assorted Antiques.
   137 | D        | Found an ancient bone altar of Kikubaaqudgha.
   137 | D        | Found a hazy altar of Hepliaklqana.
   137 | D        | Found a hide-covered altar of Uskayaw.
   137 | D        | Found a basalt altar of Yredelemnul.
   137 | D        | Found an opulent altar of Gozag.
   137 | D        | Found a snail-covered altar of Cheibriados.
   137 | D        | Found a sacrificial altar of Ru.
   137 | D        | Found a shadowy altar of Dithmenos.
   137 | D        | Noticed a yak
   138 | D        | Found a stormy altar of Qazlal.
   138 | D        | Found a blossoming altar of Fedhas.
   138 | D        | Found a bloodstained altar of Trog.
   138 | D        | Found an iron altar of Okawaru.
   138 | D        | Found a glowing golden altar of the Shining One.
   138 | D        | Found a glowing silver altar of Zin.
   138 | D        | Found a white marble altar of Elyvilon.
   142 | D        | Killed a yak
   143 | D        | Reached skill level 11 in Stealth
   143 | D        | Found a sparkling altar of Nemelex Xobeh.
   163 | D        | Became a worshipper of Qazlal Stormbringer
   166 | D        | Fell from the grace of Qazlal
   166 | D        | Became a worshipper of Hepliaklqana the Forgotten
   184 | D        | Found a viscous altar of Jiyva.
   184 | D        | Found a corrupted altar of Lugonu.
   184 | D        | Noticed a slime creature
   185 | D        | Found a burning altar of Makhleb.
   185 | D        | Found a shimmering altar of Xom.
   207 | D        | Killed a slime creature
   208 | D        | Reached skill level 5 in Fighting
   208 | D        | Reached skill level 10 in Dodging
   208 | D        | Reached skill level 12 in Stealth
   208 | D        | Reached XP level 7. HP: 25/39 MP: 9/15
   389 | D        | Noticed a centaur warrior
   390 | D        | Noticed a centaur warrior
   408 | D        | Killed a centaur warrior
   409 | D        | Reached skill level 15 in Stealth
   409 | D        | Reached skill level 1 in Invocations
   409 | D        | Reached XP level 8. HP: 22/47 MP: 7/16
   419 | D        | Killed a centaur warrior
   420 | D        | Reached skill level 16 in Stealth
   683 | D        | Reached * piety under Hepliaklqana
   683 | D        | Noticed Sonja
   687 | D        | Killed Sonja
   688 | D        | Reached skill level 17 in Stealth
   688 | D        | Reached skill level 5 in Invocations
   688 | D        | Reached XP level 9. HP: 47/47 MP: 17/17
   704 | D        | Found Jausudav's General Store.
   712 | D        | Bought a potion of curing for 30 gold pieces
   724 | D        | Noticed a deep troll
   728 | D        | Killed a deep troll
   758 | D        | Noticed a kobold demonologist
   759 | D        | Noticed a kobold demonologist
   762 | D        | Killed a kobold demonologist
   764 | D        | Killed a kobold demonologist
   765 | D        | Reached skill level 10 in Fighting
   765 | D        | Reached skill level 18 in Stealth
   770 | D        | Noticed a demonic crawler
   770 | D        | Noticed a demonic crawler
   770 | D        | Noticed a demonic crawler
   770 | D        | Noticed a demonic crawler
   772 | D        | Killed a demonic crawler
   773 | D        | Killed a demonic crawler
   774 | D        | Reached XP level 10. HP: 53/53 MP: 18/18
   775 | D        | Killed a demonic crawler
   776 | D        | Reached skill level 5 in Throwing
   776 | D        | Killed a demonic crawler
   810 | D        | Found Votixaw's Armour Emporium.
   850 | D        | Noticed an oklob plant
   852 | D        | Killed an oklob plant
   853 | D        | Reached skill level 19 in Stealth
   911 | D        | Noticed a gargoyle
   921 | D        | Killed a gargoyle
   922 | D        | Reached skill level 1 in Evocations
   928 | D        | Reached ** piety under Hepliaklqana
   936 | D        | Noticed a lindwurm
   938 | D        | Killed a lindwurm
  1037 | D        | Noticed a shining eye
  1037 | D        | Noticed a shining eye
  1037 | D        | Noticed a shining eye
  1093 | D        | Reached skill level 15 in Dodging
  1172 | D        | Reached skill level 20 in Stealth
  1179 | D        | Reached skill level 10 in Short Blades
  1179 | D        | Reached skill level 5 in Evocations
  1186 | D        | Reached XP level 11. HP: 26/58 MP: 7/19
  1310 | D        | Reached *** piety under Hepliaklqana
  1310 | D        | Noticed a 12-headed hydra
  1312 | D        | Killed a 12-headed hydra
  1371 | D        | Noticed a shining eye
  1371 | D        | Noticed a shining eye
  1371 | D        | Noticed a shining eye
  1374 | D        | Noticed a shining eye
  1374 | D        | Noticed a shining eye
  1375 | D        | Killed a shining eye
  1379 | D        | Killed a shining eye
  1386 | D        | Paralysed by a floating eye for 3 turns
  1387 | D        | Gained mutation: You are resistant to electric shocks.
                  | (rElec) [a shining eye]
  1387 | D        | Gained mutation: Your magical capacity is low. (-10% MP) [a
                  | shining eye]
  1389 | D        | Gained mutation: You are frail. (-10% HP) [a shining eye]
  1389 | D        | Gained mutation: You are weak. (Str -2) [a shining eye]
  1389 | D        | Gained mutation: Your spells are a little easier to cast,
                  | but a little less powerful. [a shining eye]
  1395 | D        | Gained mutation: You sometimes lose your temper in combat.
                  | [a shining eye]
  1399 | D        | Gained mutation: You are clumsy. (Dex -2) [a shining eye]
  1400 | D        | Gained mutation: You are vulnerable to cold. (rC-) [a
                  | shining eye]
  1401 | D        | Killed a shining eye
  1402 | D        | Killed a shining eye
  1403 | D        | Reached skill level 21 in Stealth
  1403 | D        | Gained mutation: You are very frail. (-20% HP) [a shining
                  | eye]
  1403 | D        | Gained mutation: Your magical capacity is very low. (-20%
                  | MP) [a shining eye]
  1408 | D        | Killed a shining eye
  1414 | D        | Killed a shining eye
  1416 | D        | Gained mutation: Your spells are easier to cast, but less
                  | powerful. [a shining eye]
  1419 | D        | Killed a shining eye
  1428 | D        | Killed a shining eye
  1434 | D        | Found Laustrite's General Store.
  1434 | D        | Found Fyloxous's Assorted Antiques.
  1434 | D        | Found Natetom's General Store.
  1434 | D        | Found Iplig's Antique Weapon Boutique.
  1440 | D        | Lost mutation: You are resistant to electric shocks.
                  | (rElec) [the adversity of Qazlal]
  1464 | D        | Bought a potion of heal wounds for 140 gold pieces
  1464 | D        | Bought a scroll labelled QEULLO UDAKAUM for 28 gold pieces
  1472 | D        | Bought a book of Minor Magic for 216 gold pieces
  1534 | D        | Noticed a lorocyproca
  1550 | D        | Killed from afar by a meliai

Illustrated notes

Levels and vault maps discovered:
D:        dungeon_sprint_1 [red_sonja_temple_1, red_sonja_temple_small_1]

Skill      XL: |  1  2  3  4  5  6  7  8  9 10 11 |
---------------+----------------------------------+-----
Short Blades   | 2 5 7 9 10 | 10.0
Dodging        | 4 6 8 10 12 13 15 16 | 16.9
Stealth        | 6 8 10 12 15 17 18 20 21 | 21.5
Spellcasting   | 4 5 |  5.0
Hexes          | 4 5 |  5.0
Fighting       | 3 5 8 9 10 11 12 | 12.2
Invocations    | 1 5 7 8 |  8.4
Throwing       | 4 7 9 |  9.4
Evocations     | 5 9 |  9.0

Action                     |  1- 3 |  4- 6 |  7- 9 | 10-12 || total
---------------------------+-------+-------+-------+-------++-------
  Melee: Dagger            |    15 |    23 |    22 |   161 ||   221
         Punch             |       |       |     1 |     2 ||     3
   Cast: Ensorcelled Hiber |       |     4 |       |     1 ||     5
         Confusing Touch   |       |     1 |     1 |    10 ||    12
         Tukima's Dance    |       |       |     1 |       ||     1
    Use: Scroll            |       |       |     5 |     4 ||     9
         Potion            |       |       |     3 |     3 ||     6
   Stab: Sleeping          |     2 |     3 |     7 |    13 ||    25
         Confused          |       |     1 |       |     8 ||     9
         Invisible         |       |       |     4 |       ||     4
         Distracted        |       |       |       |     1 ||     1
 Armour: Robe              |       |       |       |     3 ||     3
  Dodge: Dodged            |    11 |    11 |    24 |    57 ||   103

Table legend: (Time is in decaauts)
 A = Elapsed time spent in this place.
 B = Non-inter-level travel time spent in this place.
 C = Inter-level travel time spent in this place.
 D = Time resting spent in this place.
 E = Time spent auto-exploring this place.
 F = Levels seen in this place.
 G = Mean time per level.
                   A        B        C        D        E       F      G
               +--------+--------+--------+--------+--------+-----+--------+
         Total |   1209 |   1209 |      0 |    509 |      0 |   1 | 1209.0 |
       Dungeon |   1209 |   1209 |      0 |    509 |      0 |   1 | 1209.0 |
               +--------+--------+--------+--------+--------+-----+--------+

Top non-repeatable levels by time:
       D: 1209 daAuts
